AoeStats
← Bremmel

Arabia

506625511Analyzed
1v1 RM · 19d ago on Sep 14, 2026· 46m 1s· 2 players
Game mode
Random Map
Map size
Tiny (2 player)
Population
200
Speed
Normal
Resources
Standard
Victory
Conquest
Starting age
Dark Age
Ending age
Imperial Age
RankedLock teamsTeams togetherTeam positionsShared explorationLock speedFull tech treeHidden civsTurbo modeCheats
Victory
Defeat
🇦🇺 Saracens · Australia
719
+15
🇩🇪 Persians · Germany
689
-21
Bremmel
0:44 Loom
14:30 Feudal Age
16:20 Double-Bit Axe
22:33 Wheelbarrow
30:38 Castle Age
34:20 Scale Barding Armor
34:27 Forging
34:47 Hand Cart
36:48 Horse Collar
37:24 Bow Saw
38:07 Gold Mining
48:30 Imperial Age
PantsParty
7:12 Loom
9:40 Feudal Age
11:23 Double-Bit Axe
17:46 Fletching
23:42 Castle Age
24:03 Gold Mining
23:52 Pikeman
24:52 Bow Saw
25:43 Horse Collar
27:28 Crossbowman
28:16 Squires
30:11 Wheelbarrow
31:32 Stone Mining
35:21 Hand Cart
34:52 Town Watch
39:32 Imperial Age
39:04 Ballistics
45:25 Chemistry
Connection lost

Rejoining the realm…

Still unreachable

The connection could not be restored.

Session expired

The server has moved on; the page needs a fresh start.